 Seeded DCSS version 0.31-a0-1616-gbeaec30b81 (webtiles) character file.

Game seed: 2473737235814975022 (custom seed)

1280 croobank the Grave Robber (level 8, -4/40 HPs)
             Began as a Felid Necromancer on Jan 11, 2024.
             Slain by a gnoll sergeant
             ... wielding a +0 spear
              (5 damage)
             ... on level 6 of the Dungeon.
             The game lasted 00:23:09 (5577 turns).

croobank the Grave Robber (Felid Necromancer)       Turns: 5577, Time: 00:23:10

Health: -4/40      AC:  2    Str:  1    XL:     8   Next: 29%
Magic:  19/23      EV: 21    Int: 20    God:
Gold:   356        SH:  0    Dex: 21    Spells: 8/14 levels left
                                        Lives:  0   Deaths: 3

rFire   . .          .
                       - Unarmed
rCold   . . .        (shield unavailable)
rNeg    . . .        (body armour unavailable)
rPois   .            (helmet unavailable)
rElec   .            (cloak unavailable)
rCorr   .            (gloves unavailable)
SInv    +            (boots unavailable)
Will    +....        j - amulet of magic regeneration
Stlth   +++          b - ring of magical power
HPRegen 0.26/turn    (no ring)
MPRegen 0.58/turn

%: clarity
@: brilliant
A: very small, claws 1, fangs 3, see invisible, shaggy fur 2, stealthy paws, no
weapons or thrown items, no armour, multi-lived, agile 1, clarity, passive
freeze, weak 1
a: no special abilities


You were on level 6 of the Dungeon.
You visited 2 branches of the dungeon, and saw 9 of its levels.
You also visited: Ossuary.

You collected 356 gold pieces.

Inventory:

Jewellery
 b - a ring of magical power (left paw)
 d - an amulet of the acrobat
 j - an amulet of magic regeneration (around neck)
Wands
 l - a wand of paralysis (2)
Scrolls
 e - 10 scrolls of teleportation {unknown}
 f - 2 scrolls of amnesia
 h - 2 scrolls of noise {unknown}
 i - a scroll of poison {unknown}
 k - a scroll of fear {unknown}
 n - 2 scrolls of identify {unknown}
 o - a scroll of fog {unknown}
Potions
 a - 2 potions of magic
 c - 2 potions of berserk rage {unknown}
 g - 2 potions of haste {unknown}
 p - a potion of lignification


   Skills:
 - Level 3.2 Fighting
 - Level 5.5 Dodging
 - Level 5.7 Stealth
 - Level 3.1 Unarmed Combat
 - Level 3.7 Spellcasting
 + Level 2.0 Conjurations
 - Level 6.3 Necromancy
 + Level 1.9 Fire Magic


You had 8 spell levels left.
You knew the following spells:

 Your Spells              Type           Power      Damage    Failure   Level
a - Necrotise             Necr           100%       1d9       1%          1
b - Foxfire               Conj/Fire      68%        2x1d7     6%          1
A - Animate Dead          Necr           43%        N/A       10%         4

Your spell library contained the following spells:

 Spells                   Type           Power      Damage    Failure   Level
 Fugue of the Fallen      Necr           43%        N/A       3%          3
 Vampiric Draining        Necr           43%        2d9       3%          3
 Dazzling Flash           Conj/Hex       22%        N/A       26%         3
 Stone Arrow              Conj/Erth      22%        3d8       26%         3
 Volatile Blastmotes      Fire/Tloc      22%        2d11      26%         3
 Curse of Agony           Necr           43%        N/A       26%         5
 Anguish                  Hex/Necr       12%        N/A       34%         4
 Ozocubu's Armour         Ice            5%         N/A       36%         3
 Cause Fear               Hex            2%         N/A       78%         4
 Manifold Assault         Tloc           5%         N/A       78%         4
 Olgreb's Toxic Radiance  Alch           5%         N/A       78%         4
 Plasma Beam              Fire/Air       5%         2x1d16    100%        6
 Starburst                Conj/Fire      8%         6d4       100%        6
 Enfeeble                 Hex            2%         N/A       100%        7
 Ozocubu's Refrigeration  Ice            2%         4d8       100%        7
 Discord                  Hex            2%         N/A       100%        8
 Lehudib's Crystal Spear  Conj/Erth      5%         10d3      100%        8
 Maxwell's Capacitive Co  Air            2%         ∞         100%        8
 Animate Armour           Summ/Erth      Unusable   N/A       N/A         4

Dungeon Overview and Level Annotations

Branches:
Dungeon (8/15)             Temple (1/1) D:5         Ossuary (visited)
   Lair: D:8-11

Altars:
Dithmenos
Gozag
Makhleb
Nemelex Xobeh
Qazlal
Ru
Wu Jian
Xom
Lugonu

Annotations:
D:5 exclusion: downstairs


Innate Abilities, Weirdness & Mutations

You have sharp claws.
You have razor-sharp teeth.
You have supernaturally acute eyesight. (SInv)
You are covered in thick fur. (AC +2)
Your paws help you pounce on unaware monsters.
You are incapable of wielding weapons or throwing items.
You cannot wear armour.
You gain extra lives every three experience levels.
You are agile. (Dex +4, Str/Int -1)
You possess an exceptional clarity of mind.
A frigid envelope surrounds you and freezes all who hurt you.
You are weak. (Str -2)


Message History

The gnoll misses you.
The gnoll sergeant completely misses you.
Casting: Foxfire (safe; 6% risk of failure)
Confirm with . or Enter, or press ? or * to list all spells.
You conjure some foxfire!
The foxfire hits the gnoll sergeant.
The gnoll sergeant is heavily wounded.
The foxfire hits the gnoll sergeant.
The gnoll sergeant is severely wounded.
The gnoll misses you.
The gnoll sergeant hits you from afar with a +0 spear!
Casting: Foxfire (safe; 6% risk of failure)
Confirm with . or Enter, or press ? or * to list all spells.
You conjure some foxfire!
The foxfire hits the gnoll sergeant but does no damage.
The gnoll sergeant is severely wounded.
The foxfire hits the gnoll but does no damage.
The gnoll is moderately wounded.
The gnoll completely misses you.
The foxfire hits the gnoll.
The gnoll is heavily wounded.
The gnoll sergeant hits you from afar with a +0 spear!
* * * LOW HITPOINT WARNING * * *
Casting: Foxfire (safe; 6% risk of failure)
Confirm with . or Enter, or press ? or * to list all spells.
You conjure some foxfire!
The foxfire hits the gnoll sergeant.
The gnoll sergeant is severely wounded.
The gnoll closely misses you.
The gnoll sergeant hits you from afar with a +0 spear.
* * * LOW HITPOINT WARNING * * *
The foxfire hits the gnoll.
You kill the gnoll!
The foxfire hits the gnoll sergeant but does no damage.
The gnoll sergeant is severely wounded.
Your Conjurations skill increases to level 2!
Okay, then.
It was a potion of brilliance.
You feel clever all of a sudden.
The gnoll hits you from afar with a +0 spear.
* * * LOW HITPOINT WARNING * * *
The gnoll sergeant hits you from afar with a +0 spear.
You die...

..................# #.
.................# #.
#...............### # #.
##.................## ..
..##....................
...###...#..............#.#.
....)..##...................
....)....g.............##.#
##...$g.@..............##
#......§)..)).......#...#
#....#.....)).......##..#
#....###.†.........<..##..#
#.... #...................
#.... #.............####..
#.... ###..........######.
..... ...................
###...#####..#####..


You could see a gnoll sergeant and a gnoll.

Vanquished Creatures
  A black bear (D:4)
  2 ogres
  A centaur (D:7)
  A bullfrog (D:6)
  2 scorpions (D:5)
  A gnoll sergeant (D:6)
  A bombardier beetle (D:5)
  2 jellies (D:5)
  A sleepcap (D:4)
  Jessica (D:2)
  3 orc wizards (D:5)
  Natasha (thrice) (D:2)
  11 gnolls
  10 adders
  2 shadow imps
  2 white imps
  A ribbon worm (D:2)
  4 dart slugs
  6 orcs
  6 ball pythons
  7 bats
  10 endoplasms
  4 giant cockroaches
  7 goblins
  3 hobgoblins
  3 jackals (D:3)
  4 kobolds
  A quokka (D:4)
  2 frilled lizards
  2 hobgoblin zombies (D:4)
  A kobold zombie (Ossuary)
  12 rats
117 creatures vanquished.

Vanquished Creatures (collateral kills)
  An orc priest (D:5)
  A mummy (D:4)
  A gnoll (D:6)
  An adder (D:2)
  2 orcs (D:5)
  An endoplasm (D:2)
  3 goblins
  2 bats (D:3)
  A frilled lizard (D:1)
  A kobold (D:2)
14 creatures vanquished.

Vanquished Creatures (others)
  An ogre zombie (D:5)
  An adder zombie (D:6)
  A bat zombie (D:3)
  A bombardier beetle zombie (D:5)
  3 gnoll zombies (D:6)
  A goblin zombie (D:4)
  5 orc zombies (D:5)
  A quokka zombie (D:4)
  98 foxfires (D:6)
112 creatures vanquished.

Grand Total: 243 creatures vanquished

Notes
Turn   | Place    | Note
-------+----------+-------------------------------------------
     0 | D:1      | croobank the Felid Necromancer began the quest for the Orb.
     0 | D:1      | Reached XP level 1. HP: 9/9 MP: 4/4
   234 | D:1      | Found a faded altar of an unknown god.
   249 | D:1      | Reached XP level 2. HP: 13/13 MP: 6/6
   834 | D:2      | Reached XP level 3. HP: 16/16 MP: 7/7
  1110 | D:2      | Noticed Natasha
  1117 | D:2      | Killed Natasha
  1118 | D:2      | Reached XP level 4. HP: 13/21 MP: 8/8
  1118 | D:2      | Gained a life (2 lives remaining)
  1123 | D:2      | Reached skill level 1 in Fighting
  1165 | D:2      | Noticed Natasha
  1284 | D:3      | Reached skill level 1 in Unarmed Combat
  1467 | D:3      | Reached XP level 5. HP: 25/25 MP: 2/9
  1627 | D:3      | HP: 1/25 [white imp/puff of frost (8)]
  1811 | D:2      | Killed Natasha
  2354 | D:2      | Noticed Jessica
  2358 | D:2      | Killed Jessica
  2359 | D:2      | Reached skill level 5 in Necromancy
  2449 | D:2      | Noticed Natasha
  2456 | D:2      | Killed Natasha
  2457 | D:2      | Gained mutation: You are covered in thick fur. (AC +2)
                  | [Felid growth]
  2457 | D:2      | Reached XP level 6. HP: 30/30 MP: 11/11
  2562 | D:3      | Learned a level 4 spell: Animate Dead
  2957 | D:4      | Found a sacrificial altar of Ru.
  2990 | D:4      | Slain by an ogre
  2990 | D:4      | Lost a life (1 life remaining)
  3122 | D:4      | Found an ornate altar of the Wu Jian Council.
  3268 | D:4      | Found a sand-covered staircase.
  3293 | Ossuary  | Entered an ossuary
  3700 | D:4      | Reached XP level 7. HP: 35/35 MP: 12/12
  3700 | D:4      | Gained a life (2 lives remaining)
  3768 | D:5      | Entered Level 5 of the Dungeon
  3782 | D:5      | Gained mutation: You are agile. (Dex +4, Str/Int -1)
                  | [potion of mutation]
  3782 | D:5      | Gained mutation: You are weak. (Str -2) [potion of
                  | mutation]
  3782 | D:5      | Gained mutation: A frigid envelope surrounds you and
                  | freezes all who hurt you. [potion of mutation]
  3782 | D:5      | Gained mutation: You possess an exceptional clarity of
                  | mind. [potion of mutation]
  4002 | D:5      | You fall into a shaft and drop 3 floors!
  4027 | D:7      | Reached skill level 5 in Stealth
  4460 | D:5      | Reached skill level 5 in Dodging
  4775 | D:5      | Reached skill level 6 in Necromancy
  4828 | D:5      | Found a staircase to the Ecumenical Temple.
  4863 | D:5      | Reached XP level 8. HP: 40/40 MP: 14/14
  5178 | D:5      | Identified the +5 ring mail "Uliosara" {Int+3}
  5280 | D:5      | Killed from afar by a steam dragon
  5280 | D:5      | Lost a life (1 life remaining)
  5296 | Temple   | Entered the Ecumenical Temple
  5382 | D:6      | Learned a level 1 spell: Foxfire
  5413 | D:6      | Reached skill level 1 in Conjurations
  5446 | D:6      | Reached skill level 1 in Fire Magic
  5504 | D:6      | Slain by a gnoll
  5504 | D:6      | Lost a life (0 lives remaining)
  5577 | D:6      | HP: 1/40 [gnoll/+0 spear[a gnoll sergeant] (4)]
  5577 | D:6      | Slain by a gnoll sergeant

Illustrated notes

Levels and vault maps discovered:
D:1:      minmay_arrival_jagged, layout_rooms, dreamdust_ecumenical_altar_grove,
          hex_tiny
D:2:      layout_basic, minmay_randomly_rotated_circles, uniq_natasha,
          uniq_jessica
D:3:      layout_rooms, hex_intersection, roderic_batcave
D:4:      layout_loops_corners, mainiacjoe_overflow_24_doors,
          mainiacjoe_overflow_boulevard, nicolae_ossuary_entry_giza,
          hangedman_decor_clover_reticule
D:5:      layout_loops_cross, minmay_temple_entry_junction_2
D:6:      layout_rooms
D:7:      layout_basic, trog_ov_bears_minmay, marbit_many_paths,
          kennysheep_mini, kennysheep_slug_shrine, minmay_misc_feat_five,
          hangedman_abyss_or_decor_passed, uniq_menkaure
D:8:      layout_cave_pods, good_gods_temple_1,
          grunt_temple_overflow_magic_moments,
          beargit_hepliaklqana_dungeon_heroes, jmf_multi_god_temple, uniq_psyche
Temple:   corrupted_temple

Skill      XL: |  1  2  3  4  5  6  7  8 |
---------------+-------------------------+-----
Stealth        | 3 4 5 |  5.7
Dodging        | 3 4 5 |  5.5
Fighting       | 1 2 3 |  3.2
Unarmed Combat | 1 2 3 |  3.1
Necromancy     | 5 6 |  6.3
Spellcasting   | 3 |  3.7
Conjurations   | 2 |  2.0
Fire Magic     | 1 |  1.9

Action                     |  1- 3 |  4- 6 |  7- 9 || total
---------------------------+-------+-------+-------++-------
  Melee: Unarmed           |    17 |    68 |    41 ||   126
         Bite              |       |     6 |     2 ||     8
         Punch             |       |     2 |       ||     2
   Cast: Necrotise         |    61 |   100 |    34 ||   195
         Animate Dead      |       |     9 |    12 ||    21
         Foxfire           |       |       |    54 ||    54
  Evoke: Wand              |       |     5 |     9 ||    14
    Use: Potion            |       |     1 |     2 ||     3
         Scroll            |       |       |     1 ||     1
   Stab: Sleeping          |     5 |     8 |     1 ||    14
         Paralysed         |       |     4 |     6 ||    10
         Distracted        |       |       |     1 ||     1
 Armour: Skin              |    12 |    58 |    41 ||   111
  Dodge: Dodged            |    20 |   121 |    54 ||   195

Table legend: (Time is in decaauts)
 A = Elapsed time spent in this place.
 B = Non-inter-level travel time spent in this place.
 C = Inter-level travel time spent in this place.
 D = Time resting spent in this place.
 E = Time spent auto-exploring this place.
 F = Levels seen in this place.
 G = Mean time per level.
                   A        B        C        D        E       F      G
               +--------+--------+--------+--------+--------+-----+--------+
         Total |   5570 |   5402 |    168 |    997 |   2953 |  10 |  557.0 |
       Dungeon |   5498 |   5344 |    154 |    997 |   2949 |   8 |  687.2 |
        Temple |     36 |     23 |     13 |      0 |      0 |   1 |   36.0 |
       Ossuary |     35 |     35 |      0 |      0 |      4 |   1 |   35.0 |
               +--------+--------+--------+--------+--------+-----+--------+

Top non-repeatable levels by time:
     D:5: 1407 daAuts
     D:2: 1222 daAuts
     D:4: 1036 daAuts
     D:1: 792 daAuts
     D:3: 708 daAuts
     D:6: 239 daAuts
     D:7: 80 daAuts
  Temple: 36 daAuts
 Ossuary: 35 daAuts
     D:8: 10 daAuts
